 Dungeon Crawl Stone Soup version 0.21-a0-529-g8c7b3f5 (webtiles) character file.

195 kiturien the Grasshopper (level 5, 0/43 HPs)
             Began as a Gnoll Warper on Dec 9, 2017.
             Was a Believer of Ru.
             Slain by a scorpion (8 damage)
             ... on level 4 of the Dungeon.
             The game lasted 00:12:51 (3275 turns).

kiturien the Grasshopper (Gnoll Warper)             Turns: 3275, Time: 00:12:52

Health: 0/43       AC:  6    Str: 13    XL:     5   Next: 74%
Magic:  12/12      EV: 14    Int: 17    God:    Ru [**....]
Gold:   209        SH:  4    Dex: 14    Spells: 10/14 levels left

rFire    . . .     SeeInvis .   a - +3 hand axe
rCold    + + .     Gourm    .   A - +0 buckler
rNeg     . . .     Faith    .   u - +2 leather armour {rC+}
rPois    .         Spirit   .   (no helmet)
rElec    .         Reflect  .   (no cloak)
rCorr    .         Harm     .   i - +0 pair of gloves
MR       .....                  (no boots)
Stlth    ++........             h - amulet of regeneration
HPRegen  0.54/turn              g - ring of protection from cold
MPRegen  0.13/turn              y - ring of flight

@: lethally poisoned (0 -> -3)
A: distributed training, fangs 1, inexperienced 1, strong nose
a: Renounce Religion, Evoke Flight


You were on level 4 of the Dungeon.
You worshipped Ru.
Ru was pleased with you.
You were not hungry.

You visited 1 branch of the dungeon, and saw 4 of its levels.

You collected 209 gold pieces.

Inventory:

Hand Weapons
 a - a +3 hand axe (weapon)
Missiles
 e - 5 tomahawks of dispersal (quivered)
Armour
 i - a +0 pair of gloves (worn)
 l - a +0 shield
 u - a +2 leather armour of cold resistance (worn)
 A - a +0 buckler (worn)
Jewellery
 g - a ring of protection from cold (left hand)
 h - an amulet of regeneration (around neck)
 s - an uncursed ring of wizardry
 y - a ring of flight (right hand)
Wands
 k - a wand of paralysis (18)
Scrolls
 d - a scroll of blinking
 m - a scroll of remove curse
 o - 3 scrolls of magic mapping
 r - 4 scrolls of amnesia
 v - a scroll of identify
Potions
 n - 3 potions of curing
 p - a potion of heal wounds
Books
 c - a book of Spatial Translocations

   Spells                             Type                      Level
   a - Blink                          Translocation                2
   b - Shroud of Golubria             Charms/Translocation         2
   c - Lesser Beckoning               Translocation                3
   d - Gell's Gravitas                Translocation                3
   e - Teleport Other                 Translocation                3
   f - Passage of Golubria            Translocation                4
Comestibles
 f - 5 bread rations
 j - 2 meat rations
 q - a royal jelly
 t - 3 chunks of flesh
 z - a fruit


   Skills:
 + Level 4.9 Fighting
 + Level 1.7 Short Blades
 + Level 1.7 Long Blades
 + Level 4.9 Axes
 + Level 1.7 Maces & Flails
 + Level 1.7 Polearms
 + Level 1.7 Staves
 + Level 1.7 Slings
 + Level 1.7 Bows
 + Level 1.7 Crossbows
 + Level 3.1 Throwing
 + Level 3.1 Armour
 + Level 4.9 Dodging
 + Level 1.7 Stealth
 + Level 1.7 Shields
 + Level 1.7 Unarmed Combat
 + Level 5.2 Spellcasting
 + Level 1.3 Conjurations
 + Level 1.3 Hexes
 + Level 1.3 Charms
 + Level 1.3 Summonings
 + Level 1.3 Necromancy
 + Level 5.6 Translocations
 + Level 1.3 Transmutations
 + Level 1.3 Fire Magic
 + Level 1.3 Ice Magic
 + Level 1.3 Air Magic
 + Level 1.3 Earth Magic
 + Level 1.3 Poison Magic
 + Level 1.9 Invocations
 + Level 1.7 Evocations


You had 10 spell levels left.
You knew the following spells:

 Your Spells              Type           Power        Failure   Level  Hunger
a - Blink                 Tloc           N/A          3%          2    #......
b - Shroud of Golubria    Chrm/Tloc      ###.......   9%          2    #......


Dungeon Overview and Level Annotations

Branches:
Dungeon (4/15)             Temple (0/1) D:4

Altars:
Cheibriados
Kikubaaqudgha
Makhleb
Qazlal
Ru
Xom


Innate Abilities, Weirdness & Mutations

Your experience applies equally to all skills.
You have very sharp teeth.
You are somewhat inexperienced. (-2 XL)
Your uncanny sense of smell can sniff out nearby items.


Message History

You hit the scorpion but do no damage.
The scorpion is heavily wounded.
You feel sick. You block the scorpion's attack.
You barely miss the scorpion.
The scorpion is heavily wounded.
You feel sick.
The scorpion stings you but does no damage.
You closely miss the scorpion.
The scorpion is heavily wounded.
You feel sick. The scorpion stings you!
* * * LOW HITPOINT WARNING * * *
The scorpion barely misses you.
You barely miss the scorpion.
You bite the scorpion, but do no damage.
The scorpion is heavily wounded.
You feel sick. The scorpion closely misses you.
You hit the scorpion.
The scorpion is severely wounded.
You feel sick. The scorpion stings you!
You die...

##.##.#
...####
##...#.#
#......
###......#
..._...
........#
....._.##
#......#
.........
#.....#
_..8....#
#.#.....###
........#
#.........<
._..._s@#
####.#.(###
........#
#.#..##
##...##.#
#.#...## ###
#.# #......#
#.# #.......
############.#
#####.......
#............#
............
#.##########.#
###.##.....#
#.# ...#
#.###....#


You could see a scorpion.

Vanquished Creatures
  A centaur zombie (D:3)
  An orc wizard (D:4)
  A worker ant (D:3)
  Ijyb (D:3)
  A hound skeleton (D:4)
  2 adders (D:3)
  An ooze (D:2)
  3 worms
  A dart slug (D:3)
  2 leopard geckos
  5 orcs
  2 giant cockroaches
  15 goblins
  6 hobgoblins
  7 jackals
  7 kobolds
  A quokka (D:2)
  2 ball pythons
  5 bats
  A frilled lizard (D:2)
  5 rats
70 creatures vanquished.

Notes
Turn   | Place    | Note
-------+----------+-------------------------------------------
     0 | D:1      | kiturien the Gnoll Warper began the quest for the Orb.
     0 | D:1      | Reached XP level 1. HP: 20/20 MP: 6/6
   198 | D:1      | Reached XP level 2. HP: 26/26 MP: 7/7
   978 | D:1      | Learned a level 2 spell: Blink
   981 | D:1      | Learned a level 2 spell: Shroud of Golubria
  1013 | D:2      | Reached XP level 3. HP: 31/31 MP: 9/9
  1062 | D:2      | Found a stormy altar of Qazlal.
  1086 | D:2      | Reached skill level 5 in Spellcasting
  1245 | D:2      | Found a faded altar of an unknown god.
  1247 | D:2      | Became a worshipper of Ru the Awakened
  1263 | D:2      | Gained mutation: You are somewhat inexperienced. (-2 XL) [Ru sacrifice]
  1263 | D:2      | Reached XP level 2. HP: 26/26 MP: 8/8
  1263 | D:2      | Reached XP level 1. HP: 20/20 MP: 6/6
  1263 | D:2      | Reached * piety under Ru
  1263 | D:2      | Reached ** piety under Ru
  1302 | D:2      | Reached skill level 1 in Invocations
  1348 | D:2      | Reached XP level 2. HP: 26/26 MP: 8/8
  1976 | D:3      | Reached skill level 1 in Short Blades
  1976 | D:3      | Reached skill level 1 in Long Blades
  1976 | D:3      | Reached skill level 1 in Maces & Flails
  1976 | D:3      | Reached skill level 1 in Polearms
  1976 | D:3      | Reached skill level 1 in Staves
  1976 | D:3      | Reached skill level 1 in Slings
  1976 | D:3      | Reached skill level 1 in Bows
  1976 | D:3      | Reached skill level 1 in Crossbows
  1976 | D:3      | Reached skill level 1 in Stealth
  1976 | D:3      | Reached skill level 1 in Shields
  1976 | D:3      | Reached skill level 1 in Unarmed Combat
  1976 | D:3      | Reached skill level 1 in Evocations
  2021 | D:3      | Reached XP level 3. HP: 31/31 MP: 9/9
  2087 | D:3      | Noticed Ijyb
  2099 | D:3      | Paralysed by Ijyb for 7 turns
  2108 | D:3      | Paralysed by Ijyb for 7 turns
  2133 | D:3      | Paralysed by Ijyb for 3 turns
  2136 | D:3      | Killed Ijyb
  2281 | D:3      | Reached XP level 4. HP: 38/38 MP: 11/11
  2337 | D:3      | Reached skill level 1 in Conjurations
  2337 | D:3      | Reached skill level 1 in Hexes
  2337 | D:3      | Reached skill level 1 in Charms
  2337 | D:3      | Reached skill level 1 in Summonings
  2337 | D:3      | Reached skill level 1 in Necromancy
  2337 | D:3      | Reached skill level 1 in Transmutations
  2337 | D:3      | Reached skill level 1 in Fire Magic
  2337 | D:3      | Reached skill level 1 in Ice Magic
  2337 | D:3      | Reached skill level 1 in Air Magic
  2337 | D:3      | Reached skill level 1 in Earth Magic
  2337 | D:3      | Reached skill level 1 in Poison Magic
  2432 | D:3      | Reached XP level 5. HP: 25/43 MP: 12/12
  3023 | D:4      | Found a staircase to the Ecumenical Temple.
  3262 | D:4      | Found a sacrificial altar of Ru.
  3262 | D:4      | Found a shimmering altar of Xom.
  3263 | D:4      | Found a burning altar of Makhleb.
  3263 | D:4      | Found a snail-covered altar of Cheibriados.
  3263 | D:4      | Found an ancient bone altar of Kikubaaqudgha.
  3275 | D:4      | Slain by a scorpion

Vault maps used:
D:1:      nagdon_arrival_double_spiral
D:2:      chequers_ecumenical_altar_twisty, grunt_qazlal_clouds
D:3:      kennysheep_goblin_castle, minivault_4
D:4:      grunt_temple_overflow_open, temple_doors_e, first_bread, serial_shops,
          shop, kennysheep_generic_room_12

Skill      XL: |  1  2  3  4  5 |
---------------+----------------+-----
Spellcasting   | 5 |  5.2
Invocations    | 1 |  1.9
Short Blades   | 1 |  1.7
Long Blades    | 1 |  1.7
Maces & Flails | 1 |  1.7
Polearms       | 1 |  1.7
Staves         | 1 |  1.7
Slings         | 1 |  1.7
Bows           | 1 |  1.7
Crossbows      | 1 |  1.7
Stealth        | 1 |  1.7
Shields        | 1 |  1.7
Unarmed Combat | 1 |  1.7
Evocations     | 1 |  1.7
Conjurations   | 1 |  1.3
Hexes          | 1 |  1.3
Charms         | 1 |  1.3
Summonings     | 1 |  1.3
Necromancy     | 1 |  1.3
Transmutations | 1 |  1.3
Fire Magic     | 1 |  1.3
Ice Magic      | 1 |  1.3
Air Magic      | 1 |  1.3
Earth Magic    | 1 |  1.3
Poison Magic   | 1 |  1.3
Throwing       | 3 |  3.1
Armour         | 3 |  3.1
Fighting       | |  4.9
Axes           | |  4.9
Dodging        | |  4.9
Translocations | |  5.6

Action                   |  1- 3 |  4- 6 || total
-------------------------+-------+-------++-------
Melee: Hand axe          |   175 |   137 ||   312
       Bite              |    22 |    12 ||    34
Invok: Sacrifice Experie |     1 |       ||     1
  Use: Scroll            |     4 |     4 ||     8
       Potion            |     4 |       ||     4
 Stab: Sleeping          |     3 |     1 ||     4
       Distracted        |       |     1 ||     1
  Eat: Chunk             |     4 |     4 ||     8
Armor: Leather armour    |    46 |    29 ||    75
Dodge: Dodged            |   137 |    58 ||   195
Block: Shield            |     2 |    19 ||    21
       Buckler           |       |     8 ||     8

Table legend:
 A = Spawn XP
 B = Non-spawn XP
 C = Spawn XP percentage of total XP
 D = Spawn monster count
 E = Non-spawn monster count
 F = Spawn count percentage of total count
 G = Total turns spent on level
                    A         B        C        D         E        F      G
               +---------+---------+-------+---------+---------+-------+---------
         Total |       0 |     328 |   0.0 |       0 |      70 |   0.0 |  3275
               +---------+---------+-------+---------+---------+-------+---------
           D:1 |       0 |      33 |   0.0 |       0 |      21 |   0.0 |   991
           D:2 |       0 |      40 |   0.0 |       0 |      16 |   0.0 |   944
           D:3 |       0 |     180 |   0.0 |       0 |      25 |   0.0 |  1041
           D:4 |       0 |      75 |   0.0 |       0 |       8 |   0.0 |   299
               +---------+---------+-------+---------+---------+-------+---------
